 Dungeon Crawl Stone Soup version 0.30.0-16-gbe6223bb7e (webtiles) character file.

Game seed: 2945706290100136253

184390 olmar the Tortoise (level 17, -26/166 HPs)
             Began as an Armataur Fighter on May 19, 2023.
             Was an Initiate of Gozag.
             Killed from afar by a thorn hunter (44 damage)
             ... with a volley of thorns
             ... on level 3 of the Abyss on May 20, 2023.
             The game lasted 00:57:51 (33671 turns).

olmar the Tortoise (Armataur Fighter)              Turns: 33671, Time: 00:57:51

Health: -26/166    AC: 23    Str: 37    XL:     17   Next: 77%
Magic:  17/17      EV:  8    Int: 12    God:    Gozag
Gold:   862        SH: 10    Dex: 16    Spells: 16/16 levels left

rFire   + . .        c - +7 sceptre of Torment {pain, torment}
rCold   + + +        T - +2 buckler {rC+}
rNeg    + . .        O - +4 chain mail of Dishonesty {rElec rCorr Dex+3 Slay+5}
rPois   +            j - +2 helmet {Int+3}
rElec   +            U - scarf {rC+ rF+}
rCorr   +            r - +0 pair of gloves
SInv    +            (no barding)
Will    +....        X - amulet "Yties" {-Cast rElec rC+ Regen+ Dex+3}
Stlth   +            G - ring of Miracles {rPois Str+6 SInv}
HPRegen 1.27/turn    M - ring "Moleh" {rN+ Str+2 Slay+2}
MPRegen 0.15/turn

%: no spellcasting, roll
@: gold aura
A: large, rugged brown scales 3, deformed body, armoured tail, roll, long
tongue, awkward tongue
a: Renounce Religion, Potion Petition, Call Merchant, Bribe Branch


You were on level 3 of the Abyss.
You worshipped Gozag.
Gozag was pleased with you.
You visited 6 branches of the dungeon, and saw 29 of its levels.
You visited the Abyss 1 time.
You also visited: Gauntlet and Ice Cave.

You collected 10638 gold pieces.
You spent 4883 gold pieces at shops.
You paid 4893 gold pieces to Gozag.

Inventory:

Hand Weapons
 c - the +7 sceptre of Torment (weapon) {pain, torment}
   (You bought it in a shop on level 1 of the Elven Halls)
 d - a +2 morningstar of holy wrath
Missiles
 q - 6 throwing nets
 u - 4 curare-tipped darts (quivered)
Armour
 j - a +2 helmet of intelligence (worn)
 r - a +0 pair of gloves (worn)
 v - the +15 Maxwell's patent armour {-Cast -Tele rElec Will+ rCorr}
   (You acquired it on level 1 of the Orcish Mines)

   rElec:     It insulates you from electricity.
   -Cast:     It prevents spellcasting.
   -Tele:     It prevents most forms of teleportation.
   rCorr:     It protects you from acid and corrosion.
   Will:      It increases your willpower.
 D - a +2 pair of gloves of stealth
 O - the +4 chain mail of Dishonesty (worn) {rElec rCorr Dex+3 Slay+5}
   (You bought it in a shop on level 10 of the Dungeon)

   Dex:       It affects your dexterity (+3).
   Slay:      It affects your accuracy & damage with ranged weapons and melee
   (+5).
   rElec:     It insulates you from electricity.
   rCorr:     It protects you from acid and corrosion.
 T - a +2 buckler of cold resistance (worn)
 U - a scarf of resistance (worn)
 V - the +2 hat "Fiufixit" {rElec}
   (You found it in a Gauntlet)

   rElec:     It insulates you from electricity.
Jewellery
 B - the ring "Zotar" {Fly rC+++ rCorr MP+9 Int-3}
   (You acquired it on level 1 of the Orcish Mines)

   [ring of flight]

   Int:       It affects your intelligence (-3).
   rC:        It renders you almost immune to cold.
   MP:        It affects your magic capacity (+9).
   Fly:       It grants you flight.
   rCorr:     It protects you from acid and corrosion.
 G - the ring of Miracles (left hand) {rPois Str+6 SInv}
   (You bought it in a shop on level 1 of the Elven Halls)

   [ring of strength]

   Str:       It affects your strength (+6).
   rPois:     It protects you from poison.
   SInv:      It lets you see invisible.
 M - the ring "Moleh" (right hand) {rN+ Str+2 Slay+2}
   (You bought it in a shop on level 1 of the Elven Halls)

   [ring of positive energy]

   Str:       It affects your strength (+2).
   Slay:      It affects your accuracy & damage with ranged weapons and melee
   (+2).
   rN:        It protects you from negative energy.
 X - the amulet "Yties" (around neck) {-Cast rElec rC+ Regen+ Dex+3}
   (You found it in a Gauntlet)

   [amulet of regeneration]

   Dex:       It affects your dexterity (+3).
   rC:        It protects you from cold.
   rElec:     It insulates you from electricity.
   -Cast:     It prevents spellcasting.
   Regen:     It increases your rate of health regeneration.
Wands
 g - a wand of charming (4)
 o - a wand of polymorph (19)
 y - a wand of flame (5)
 N - a wand of quicksilver (7)
 Q - a wand of roots (7)
Scrolls
 b - 2 scrolls of blinking
 h - a scroll of magic mapping
 k - 8 scrolls of enchant weapon
 m - 9 scrolls of teleportation
 p - 3 scrolls of fog
 s - 7 scrolls of fear
 x - 8 scrolls of noise
 C - 2 scrolls of poison
 E - 4 scrolls of amnesia
 H - 3 scrolls of enchant armour
 K - a scroll of acquirement
 L - a scroll of brand weapon
 Y - 7 scrolls of identify
Potions
 e - 15 potions of curing
 f - a potion of magic
 i - 3 potions of flight
 l - 8 potions of attraction
 n - 4 potions of cancellation
 t - 8 potions of brilliance
 w - 4 potions of ambrosia
 z - 4 potions of mutation
 A - 5 potions of lignification
 F - 4 potions of berserk rage
 I - 7 potions of might
 J - 6 potions of heal wounds
 P - a potion of resistance
 S - 2 potions of invisibility
Miscellaneous
 a - a piece from Xom's chessboard (15/15)
 W - a lightning rod (4/4)


   Skills:
 + Level 15.6 Fighting
 + Level 17.4 Maces & Flails
 + Level 18.8 Armour
 + Level 7.4 Stealth
 + Level 14.0 Shields
 + Level 5.4 Evocations


You had 16 spell levels left.
You didn't know any spells.
Your spell library contained the following spells:

 Spells                   Type           Power      Damage    Failure   Level
 Beastly Appendage        Tmut           0%         N/A       58%         1
 Foxfire                  Conj/Fire      0%         2x1d4     58%         1
 Freeze                   Ice            0%         1d3       58%         1
 Kiss of Death            Conj/Necr      0%         2d5       58%         1
 Magic Dart               Conj           0%         1d3       58%         1
 Blink                    Tloc           0%         N/A       73%         2
 Call Imp                 Summ           0%         N/A       73%         2
 Lesser Beckoning         Tloc           0%         N/A       73%         2
 Momentum Strike          Conj/Tloc      0%         3d8       73%         2
 Poisonous Vapours        Pois/Air       0%         N/A       73%         2
 Sublimation of Blood     Necr           0%         N/A       73%         2
 Wereblood                Tmut           0%         N/A       73%         2
 Confusing Touch          Hex            0%         N/A       91%         3
 Frozen Ramparts          Ice            0%         1d1       91%         3
 Hailstorm                Conj/Ice       0%         3d3       91%         3
 Ignite Poison            Fire/Tmut/Pois 0%         N/A       91%         3
 Mephitic Cloud           Conj/Pois/Air  0%         N/A       91%         3
 Ozocubu's Armour         Ice            0%         N/A       91%         3
 Portal Projectile        Hex/Tloc       0%         N/A       91%         3
 Spider Form              Tmut/Pois      0%         N/A       91%         3
 Stone Arrow              Conj/Erth      0%         3d7       91%         3
 Tukima's Dance           Hex            0%         N/A       91%         3
 Anguish                  Hex/Necr       0%         N/A       100%        4
 Dispel Undead            Necr           0%         3d6       100%        4
 Petrify                  Tmut/Erth      0%         N/A       100%        4
 Sticky Flame             Conj/Fire      0%         2d3       100%        4
 Summon Lightning Spire   Summ/Air       0%         N/A       100%        4
 Blade Hands              Tmut           0%         N/A       100%        5
 Freezing Cloud           Conj/Ice/Air   0%         6-21      100%        5
 Irradiate                Conj/Tmut      0%         3d11      100%        5
 Conjure Ball Lightning   Conj/Air       0%         3x3d6     100%        6
 Haunt                    Necr/Summ      0%         N/A       100%        7
 Orb of Destruction       Conj           0%         9d5       100%        7
 Ozocubu's Refrigeration  Ice            0%         4d7       100%        7
 Storm Form               Tmut/Air       0%         N/A       100%        7
 Ignition                 Fire           0%         3d3       100%        8
 Maxwell's Capacitive Co  Air            0%         ∞         100%        8
 Chain Lightning          Conj/Air       0%         N/A       100%        9
 Fire Storm               Conj/Fire      0%         5d1       100%        9
 Polar Vortex             Ice            0%         N/A       100%        9
 Shatter                  Erth           0%         3d5*      100%        9
 Simulacrum               Ice/Necr       Unusable   N/A       N/A         6

Dungeon Overview and Level Annotations

Branches:
Dungeon (15/15)            Temple (1/1) D:5            Lair (5/5) D:9
 Shoals (0/4) Lair:2        Snake (3/4) Lair:2        Slime (0/5) Lair:5
    Orc (2/2) D:10            Elf (3/3) Orc:2        Vaults (0/5) D:13
 Depths (0/4) D:15          IceCv (visited)         Gauntlet (visited)

Altars:
Ashenzari
Cheibriados
Dithmenos
Elyvilon
Fedhas
Gozag
Hepliaklqana
Kikubaaqudgha
Makhleb
Nemelex Xobeh
Qazlal
Ru
Sif Muna
Trog
Uskayaw
Vehumet
Wu Jian
Xom
Yredelemnul
Zin
The Shining One
Jiyva

Shops:
D:2 !   D:3 :   D:6 (   D:10 *   D:11 *   D:15 *((   Orc:2 (*[[   Elf:1 (==

Annotations:
Elf:2 3 runed translucent doors


Innate Abilities, Weirdness & Mutations

You are completely covered in rugged brown scales. (AC +3, +7% HP)
Armour fits poorly on your strangely shaped body.
You have a long armoured tail.
You roll when moving toward enemies. (Rampage)
Your long tongue fully drains potion bottles. (2x potion effects)
Your tongue gives you trouble enunciating. (1.5x scroll delay)


Message History

* * * LOW HITPOINT WARNING * * *
The iron imp is distracted by your dazzling golden aura.
The iron imp shouts, "Flee, thou tottering ill-breeding flirt-gill!"
Unknown command.
Unknown command.
Blink to where?
Press: ? - help, Dir - move target As you slowly read the scroll of blinking, it crumbles to dust.
The iron imp is no longer distracted by gold.
The iron imp is distracted by your dazzling golden aura.
Unknown command.
Okay, then.
Aiming: Fastroot
Press: ? - help, Shift-Dir - straight line The roots erupt in riotous growth!
Roots grab the sun demon.
Roots grab the thorn hunter.
The iron imp shouts, "Flee, thou wayward flap-mouthed yak-dropping!"
The grasping roots constrict the thorn hunter.
The grasping roots constrict the sun demon.
You kill the sun demon!
You hear a shout!
You hear a deafening roar!
The thorn hunter struggles to escape constriction.
The raiju is distracted by your dazzling golden aura.
Unknown command.
Unknown command.
Unknown command.
Aiming: Quicksilver Bolt
Press: ? - help, Shift-Dir - straight line, f - raiju
Aim: a raiju (almost dead, 60% to hit)
The bolt of dispelling energy hits the thorn hunter!
The thorn hunter is moderately damaged.
The bolt of dispelling energy misses the raiju.
The raiju barks!
The grasping roots constrict the thorn hunter!
The roots release their grip on the thorn hunter.
A balrug comes into view.
It is wielding a +4 demon whip of venom.
The thorn hunter fires a volley of thorns at you.
The volley of thorns hits you!!!
You die...
Your body crumbles into a pile of gold.

# ##.###
#.....## #
#....@#φ
.#.#....##
#..##...#
..#..$#
#2...#
##.#..$f##
#...##5h⌠#
##.h.###
#..#.# .#


You could see a thorn hunter, a balrug, 2 raiju and an iron imp.

Vanquished Creatures
  Mlioglotl (Snake:1)
  Jorgrun (Snake:1)
  Agnes (D:15)
  A nagaraja (Snake:3)
  The ghost of hito the Grappler, a journeyman TrGl of Okawaru (Lair:3)
  A stone giant (D:15)
  2 deep elf demonologists
  3 deep elf annihilators
  A minotaur (Gauntlet)
  3 deep elf death magi
  A deep elf high priest (Elf:2)
  A hell beast (Gauntlet)
  8 vault guards (D:13)
  A salamander tyrant (Snake:2)
  5 hydras
  5 boulder beetles
  A catoblepas (Lair:5)
  3 centaur warriors
  5 anacondas
  3 ogre magi
  Erica (D:10)
  14 dancing weapons
  A deep troll shaman (Lair:5)
  7 death yaks
  A satyr (Abyss:3)
  5 naga warriors
  14 two-headed ogres
  2 tengu warriors
  Urug (Lair:2)
  8 naga sharpshooters
  2 orc high priests
  6 shock serpents
  A thrashing horror (Gauntlet)
  A sun demon (Abyss:3)
  10 deep elf knights
  6 skeletal warriors
  3 skysharks (Lair:5)
  A salamander mystic (Snake:2)
  2 deep trolls (Orc:2)
  2 lindwurms
  6 naga ritualists
  3 orc knights
  10 deep elf zephyrmancers
  A wizard (D:15)
  9 deep elf archers
  2 necromancers (Elf:1)
  10 mana vipers
  14 deep elf pyromancers
  5 manticores
  An orc sorcerer (D:15)
  24 ugly things
  2 wolf spiders
  5 cyclopes
  10 salamanders
  2 ice statues (IceCv)
  12 elephants
  An elephant (shapeshifter) (D:14)
  13 naga magi
  Joseph (D:9)
  28 black mambas
  A guardian serpent (Snake:3)
  A cane toad (shapeshifter) (Elf:1)
  Maggie (Lair:2)
  2 torpor snails
  8 cane toads
  A kobold demonologist (D:14)
  10 rime drakes
  A rime drake (shapeshifter) (D:15)
  10 komodo dragons
  Psyche (D:8)
  A freezing wraith (D:14)
  2 tengu conjurers (D:15)
  12 trolls
  An efreet (D:13)
  A polar bear (shapeshifter) (D:13)
  3 polar bears (Lair:5)
  A raiju (Abyss:3)
  A hornet (D:9)
  14 blink frogs
  A snapping turtle (Lair:2)
  8 dream sheep
  7 slime creatures
  6 flying skulls (Gauntlet)
  A dire elephant simulacrum (IceCv)
  Sigmund (D:3)
  62 yaks
  An air elemental (Elf:2)
  A wraith (D:13)
  A spriggan (Lair:2)
  A shadow (D:8)
  2 vampires (D:11)
  A water elemental (D:15)
  4 wyverns
  Eustachio (D:6)
  4 basilisks
  A ynoxinul (Abyss:3)
  10 vampire mosquitoes
  2 large abominations (Elf:1)
  4 fire elementals
  2 death yak simulacra (IceCv)
  2 steam dragons
  5 wargs
  27 nagas
  3 acid dragons
  11 water moccasins
  Duvessa (D:5)
  19 orc warriors
  2 black bears
  7 centaurs
  21 ogres
  25 wolves
  4 kobold brigands
  5 elf zombies (Elf:1)
  3 scorpions
  12 bullfrogs
  An earth elemental (Elf:1)
  6 gnoll sergeants
  2 small abominations (Gauntlet)
  6 wights (D:8)
  Dowan (D:5)
  16 killer bees
  An elephant simulacrum (IceCv)
  6 electric eels
  3 lava snakes (Lair:2)
  5 hounds
  20 orc priests
  7 gnoll boudas
  A sleepcap (D:8)
  6 hell rats
  3 iguanas
  17 orc wizards
  Robin (D:2)
  36 gnolls
  11 adders
  A river rat (D:9)
  3 white imps
  2 ufetubi
  A worm (D:4)
  2 dart slugs
  58 orcs
  5 ball pythons
  3 bats
  4 endoplasms
  3 giant cockroaches
  12 hobgoblins
  8 jackals
  4 quokkas
  11 goblins
  27 kobolds
  2 rats (D:1)
930 creatures vanquished.

Vanquished Creatures (others)
  An orc wizard (Orc:2)
  3 gnolls (D:7)
  An orc (Elf:1)
  A jackal (D:7)
6 creatures vanquished.

Grand Total: 936 creatures vanquished

Notes
Turn   | Place    | Note
-------+----------+-------------------------------------------
     0 | D:1      | olmar the Armataur Fighter began the quest for the Orb.
     0 | D:1      | Reached XP level 1. HP: 19/19 MP: 1/1
   126 | D:1      | Reached XP level 2. HP: 24/26 MP: 2/2
   665 | D:2      | Reached XP level 3. HP: 33/33 MP: 3/3
   667 | D:2      | Found Mapivud's Distillery.
   706 | D:2      | Noticed Robin
   724 | D:2      | Reached skill level 4 in Armour
   829 | D:2      | Killed Robin
   987 | D:2      | Reached XP level 4. HP: 37/38 MP: 4/4
  1654 | D:3      | Found Umeweno's Book Shop.
  1667 | D:3      | Noticed Sigmund
  1733 | D:3      | Killed Sigmund
  1734 | D:3      | Reached skill level 1 in Stealth
  1734 | D:3      | Reached XP level 5. HP: 35/48 MP: 5/5
  1734 | D:3      | Reached XP level 6. HP: 39/54 MP: 6/6
  1787 | D:3      | Found a faded altar of an unknown god.
  2826 | D:5      | Entered Level 5 of the Dungeon
  2912 | D:5      | Reached skill level 5 in Armour
  3245 | D:5      | Found a staircase to the Ecumenical Temple.
  3255 | D:5      | Reached skill level 5 in Maces & Flails
  3255 | D:5      | Reached XP level 7. HP: 62/62 MP: 7/7
  3334 | Temple   | Entered the Ecumenical Temple
  3504 | Temple   | Became a worshipper of Gozag Ym Sagoz the Greedy
  3724 | D:5      | Noticed Duvessa
  3724 | D:5      | Noticed Dowan
  3753 | D:5      | Killed Dowan
  3754 | D:5      | Reached skill level 6 in Armour
  3756 | D:5      | Killed Duvessa
  4039 | D:5      | Noticed a two-headed ogre
  4067 | D:5      | Killed a two-headed ogre
  4068 | D:5      | Reached skill level 7 in Armour
  4068 | D:5      | Reached skill level 5 in Shields
  4068 | D:5      | Reached skill level 1 in Evocations
  4068 | D:5      | Reached XP level 8. HP: 10/71 MP: 8/8
  4672 | D:6      | Noticed Eustachio
  4700 | D:6      | Killed Eustachio
  4841 | D:6      | Found a hazy altar of Hepliaklqana.
  4841 | D:6      | Found a radiant altar of Vehumet.
  4841 | D:6      | Found a basalt altar of Yredelemnul.
  4929 | D:6      | Reached skill level 8 in Armour
  5063 | D:6      | Found Geiptu's Firing Range.
  5186 | D:6      | Reached skill level 5 in Fighting
  5292 | D:6      | Reached XP level 9. HP: 75/79 MP: 9/9
  7612 | D:7      | Identified the +1 spear of Olouje Garu {freeze, rN+ Int+5
                  | Dex+3}
  7896 | D:7      | Reached skill level 9 in Armour
  8488 | D:8      | Reached XP level 10. HP: 62/88 MP: 10/10
  8628 | D:8      | Identified the +3 chain mail of Dim Light {Str+3}
  8636 | D:8      | Noticed Psyche
  9222 | D:8      | Killed Psyche
  9236 | D:8      | Reached skill level 10 in Armour
  9307 | D:8      | Noticed a deep elf pyromancer
 10087 | D:8      | Killed a deep elf pyromancer
 10285 | D:9      | Noticed a death yak
 10285 | D:9      | Noticed a death yak
 10313 | D:9      | Noticed a death yak
 10321 | D:9      | Killed a death yak
 10325 | D:9      | Killed a death yak
 10345 | D:9      | Killed a death yak
 10346 | D:9      | Reached skill level 10 in Maces & Flails
 10346 | D:9      | Reached skill level 11 in Armour
 10346 | D:9      | Reached XP level 11. HP: 65/98 MP: 11/11
 10894 | D:9      | Noticed Joseph
 10909 | D:9      | Killed Joseph
 11295 | D:9      | Found a staircase to the Lair.
 11414 | D:9      | Paralysed by a hornet for 1 turns
 11755 | D:10     | Entered Level 10 of the Dungeon
 11755 | D:10     | Found Disas's Assorted Antiques.
 11763 | D:10     | Bought a steaming chain mail for 247 gold pieces
 11763 | D:10     | Identified the +4 chain mail of Dishonesty {rElec rCorr
                  | Dex+3 Slay+5} (You bought it in a shop on level 10 of the
                  | Dungeon)
 12062 | D:10     | Noticed a two-headed ogre
 12066 | D:10     | Killed a two-headed ogre
 12125 | D:10     | Reached skill level 12 in Armour
 12600 | D:10     | Noticed Erica
 12616 | D:10     | Killed Erica
 12845 | D:10     | Found a staircase to the Orcish Mines.
 13380 | D:11     | You fall into a shaft and drop 3 floors!
 13381 | D:14     | Noticed a white ugly thing
 13389 | D:14     | Noticed a white ugly thing
 13390 | D:14     | Noticed a white ugly thing
 13394 | D:14     | Killed a white ugly thing
 13406 | D:14     | Killed a green ugly thing
 13409 | D:14     | Killed a green ugly thing
 13410 | D:14     | Reached XP level 12. HP: 74/109 MP: 8/12
 13542 | D:14     | Found Haad Qali's Distillery.
 13546 | D:14     | Bought a potion of heal wounds for 75 gold pieces
 13546 | D:14     | Bought a potion of curing for 45 gold pieces
 13546 | D:14     | Bought a potion of heal wounds for 75 gold pieces
 13546 | D:14     | Bought a potion of invisibility for 120 gold pieces
 13546 | D:14     | Bought a potion of curing for 45 gold pieces
 13546 | D:14     | Bought a potion of ambrosia for 120 gold pieces
 13547 | D:14     | Noticed a seven-headed hydra
 14148 | D:13     | Found a gate to the Vaults.
 14148 | D:13     | Noticed a vault guard
 14148 | D:13     | Noticed a vault guard
 14148 | D:13     | Noticed a vault guard
 14148 | D:13     | Noticed a vault guard
 14148 | D:13     | Noticed a vault guard
 14154 | D:13     | Noticed a vault guard
 14165 | D:13     | Killed a vault guard
 14225 | D:13     | Killed a vault guard
 14226 | D:13     | Killed a vault guard
 14227 | D:13     | Killed a vault guard
 14234 | D:13     | Killed a vault guard
 14253 | D:13     | Killed a vault guard
 14254 | D:13     | Reached skill level 13 in Armour
 14406 | D:13     | Noticed a vault guard
 14417 | D:13     | Killed a vault guard
 14572 | D:13     | Noticed a centaur warrior
 14573 | D:13     | Noticed a centaur warrior
 14582 | D:13     | Killed a centaur warrior
 14588 | D:13     | Killed a centaur warrior
 14589 | D:13     | Reached skill level 5 in Stealth
 14886 | D:13     | Noticed a vault guard
 14902 | D:13     | Killed a vault guard
 15124 | D:12     | Found a gate leading to a gauntlet.
 15129 | Gauntlet | Entered a Gauntlet
 15129 | Gauntlet | Found a transporter.
 15129 | Gauntlet | Found a transporter.
 15131 | Gauntlet | Found a transporter.
 15158 | Gauntlet | Found a transporter.
 15160 | Gauntlet | Found a transporter.
 15214 | Gauntlet | Found a transporter.
 15217 | Gauntlet | Found a transporter.
 15217 | Gauntlet | Found a transporter.
 15219 | Gauntlet | Noticed a cacodemon
 15220 | Gauntlet | Noticed a hell beast
 15320 | Gauntlet | Found a transporter.
 15347 | Gauntlet | Killed a hell beast
 15348 | Gauntlet | Reached XP level 13. HP: 118/118 MP: 13/13
 15354 | Gauntlet | Identified the +2 hat "Fiufixit" {rElec}
 15363 | Gauntlet | Noticed a reaper
 15367 | Gauntlet | Found a transporter.
 15420 | Gauntlet | Found a transporter.
 15420 | Gauntlet | Found a transporter.
 15423 | Gauntlet | Identified the amulet "Yties" {-Cast rElec rC+ Regen+
                  | Dex+3}
 15446 | Gauntlet | Identified the +8 chain mail "Zaumob" {Int+3}
 15446 | Gauntlet | Noticed a minotaur
 15468 | Gauntlet | Killed a minotaur
 15620 | D:11     | Found Luicaat's Gadget Gallery.
 16354 | D:12     | Reached skill level 14 in Armour
 17211 | D:14     | Reached skill level 10 in Fighting
 17737 | D:14     | Identified 2 scrolls of acquirement
 18120 | Orc:1    | Entered Level 1 of the Orcish Mines
 18166 | Orc:2    | Entered Level 2 of the Orcish Mines
 18558 | Orc:2    | Reached XP level 14. HP: 101/130 MP: 14/14
 18635 | Orc:2    | Found a staircase to the Elven Halls.
 18693 | Orc:2    | Found Jiys's Antique Weapon Emporium.
 18697 | Orc:2    | Found Nahuires's General Store.
 18726 | Orc:1    | Reached skill level 10 in Shields
 18744 | Orc:1    | Reached skill level 15 in Armour
 19038 | Orc:1    | Acquired the +15 Maxwell's patent armour {-Cast -Tele rElec
                  | Will+ rCorr}
 19038 | Orc:1    | Found the +15 Maxwell's patent armour {-Cast -Tele rElec
                  | Will+ rCorr}
 19040 | Orc:1    | Acquired the ring "Zotar" {Fly rC+++ rCorr MP+9 Int-3}
 19161 | Orc:2    | Found Vyptigaun's Armour Boutique.
 19166 | Orc:2    | Found Uggetenu's Antique Armour Shoppe.
 19535 | Orc:2    | Found a shimmering blue altar of Sif Muna.
 20441 | Elf:1    | Entered Level 1 of the Elven Halls
 21244 | Elf:1    | Reached skill level 16 in Armour
 21821 | Elf:1    | Reached XP level 15. HP: 105/134 MP: 15/15
 21823 | Elf:1    | Got the Papyrus of Lamentation
 21941 | Elf:1    | Bought the ring of Miracles {rPois Str+6 SInv} for 822 gold
                  | pieces
 21945 | Elf:1    | Bought the ring "Moleh" {rN+ Str+2 Slay+2} for 752 gold
                  | pieces
 22011 | Lair:1   | Entered Level 1 of the Lair of Beasts
 22464 | Lair:1   | Reached skill level 15 in Maces & Flails
 22999 | Lair:2   | Noticed Urug
 23013 | Lair:2   | Killed Urug
 23023 | Lair:2   | Found a staircase to the Snake Pit.
 23086 | Lair:2   | Found a staircase to the Shoals.
 23230 | Lair:2   | Found a frozen archway.
 23243 | IceCv    | Entered an ice cave
 23245 | IceCv    | Found a transporter.
 23258 | IceCv    | Found the -2 hat of the Alchemist {rElec rPois rF+ rC+ rN+
                  | Will+ rMut rCorr}
 23300 | IceCv    | Found a transporter.
 23718 | Lair:2   | Noticed Maggie
 23725 | Lair:2   | Killed Maggie
 24088 | Lair:3   | Identified the +1 halberd of Dimyorru {heavy, rPois Will+
                  | rCorr MP-9}
 24237 | Lair:3   | Found a runed translucent door.
 24238 | Lair:3   | Noticed hito's ghost (journeyman TrGl)
 24426 | Lair:3   | Found an ornate altar of the Wu Jian Council.
 24848 | Lair:3   | Killed hito's ghost
 24873 | Lair:3   | Identified the staff of cold "Fuham" {rC+ Will+}
 25027 | Lair:4   | Found a stormy altar of Qazlal.
 25165 | Lair:4   | Found a hide-covered altar of Uskayaw.
 25167 | Lair:4   | Found an ornate altar of the Wu Jian Council.
 25638 | Lair:4   | Upgraded the game from 0.30.0-15-g856e2d3f33 to
                  | 0.30.0-16-gbe6223bb7e
 25675 | Lair:5   | Entered Level 5 of the Lair of Beasts
 25675 | Lair:5   | Found a staircase to the Slime Pits.
 25675 | Lair:5   | Found a viscous altar of Jiyva.
 26136 | Lair:5   | Reached skill level 17 in Armour
 26136 | Lair:5   | Reached XP level 16. HP: 112/154 MP: 16/16
 26331 | Lair:5   | Identified the +0 ring mail of the Monk {rN+ Str+3 Dex-3}
 27238 | D:15     | Entered Level 15 of the Dungeon
 27598 | D:15     | Paralysed by an ogre mage for 2 turns
 27758 | D:15     | Reached skill level 5 in Evocations
 27953 | D:15     | Got Ymievoara's Elucidation of Assaults
 27978 | D:15     | Found a staircase to the Depths.
 28110 | D:15     | Noticed Agnes
 28124 | D:15     | Killed Agnes
 28559 | D:15     | Bought a scroll of teleportation for 108 gold pieces
 28561 | D:15     | Bought a wand of charming (4) for 345 gold pieces
 28561 | D:15     | Bought a wand of polymorph (5) for 252 gold pieces
 28564 | D:15     | Bought a twisted great mace for 437 gold pieces
 28564 | D:15     | Identified the +0 great mace of Reinforcement {chaos, rN+
                  | Str+3 Int+4} (You bought it in a shop on level 15 of the
                  | Dungeon)
 28748 | Snake:1  | Entered Level 1 of the Snake Pit
 28753 | Snake:1  | Noticed Jorgrun
 28773 | Snake:1  | Killed Jorgrun
 28956 | Snake:1  | Noticed Mlioglotl
 28975 | Snake:1  | Killed Mlioglotl
 30759 | Snake:2  | Reached skill level 18 in Armour
 31012 | Snake:2  | Reached XP level 17. HP: 163/164 MP: 17/17
 31729 | Snake:3  | Reached skill level 15 in Fighting
 32549 | Elf:1    | Bought the +7 sceptre of Torment {pain, torment} for 1440
                  | gold pieces
 32549 | Elf:1    | Found the +7 sceptre of Torment {pain, torment}
 32652 | Elf:2    | Found a radiant altar of Vehumet.
 32908 | Elf:2    | Found a runed translucent gate.
 32908 | Elf:2    | Found a runed translucent gate.
 32908 | Elf:2    | Found a runed translucent gate.
 32983 | Elf:2    | Paralysed by an air elemental for 1 turns
 33000 | Elf:2    | Paralysed by an air elemental for 1 turns
 33371 | Elf:3    | Entered Level 3 of the Elven Halls
 33507 | Elf:3    | Identified the staff of death "Coaklecw" {rElec rN+}
 33512 | Elf:3    | Identified the staff of conjuration "Giugru" {rF++ Will++
                  | Dex-5}
 33553 | Elf:3    | Noticed a deep elf blademaster
 33553 | Abyss:3  | Cast into level 3 of the Abyss (a deep elf sorcerer)
 33630 | Abyss:3  | Found a corrupted altar of Lugonu.
 33671 | Abyss:3  | Killed from afar by a thorn hunter

Illustrated notes

Levels and vault maps discovered:
D:1:      denvon_arrival_hothouse, layout_loops_ring, st_stairs_8
D:2:      layout_basic, serial_shops, shop, minmay_stone_trees_medium,
          chequers_hall_statues_y, minmay_tetromino_l2, uniq_robin
D:3:      layout_rooms, nicolae_ecumenical_oubliette, serial_glass,
          glass_columns_b, glass_columns_b, serial_shops, shop, uniq_sigmund
D:4:      layout_loops_ring, fountainhead, minivault_23
D:5:      layout_basic, temple_pool_b, uniq_duvessa
D:6:      layout_loops_ring, gammafunk_temple_overflow_forgotten,
          chequers_avenue, nicolae_shop_firing_range, uniq_eustachio
D:7:      layout_cave_pools, serial_gnoll_camp, gnoll_camp_mini_hut,
          gnoll_camp_medium_02, gnoll_camp_mini_hut, gnoll_camp_huts_moat,
          gnoll_camp_mini_hut, gnoll_camp_mini_hut, moated_statue, minivault_24
D:8:      minmay_slanted_spiral_squares, layout_basic, uniq_psyche
D:9:      layout_basic, dpeg_lair_monsters, uniq_joseph
D:10:     layout_irregular_city, minmay_orc_entry_guard_dogs, serial_shops,
          nicolae_shop_competitors_out_of_business, uniq_erica
D:11:     layout_cave_pods, kennysheep_cluttered_room, nicolae_shop_gadgets
D:12:     layout_rooms, serial_rivers, chequers_serial_rivers_micro_c,
          chequers_serial_rivers_small_a, chequers_serial_rivers_small_3,
          chequers_serial_rivers_room_a, chequers_serial_rivers_room_a,
          chequers_serial_rivers_micro_c, gauntlet_entry_generic
D:13:     layout_cave_pools, erik_vaults_2
D:14:     minmay_skewed_foursquare, layout_basic, serial_shops, shop,
          nrook_mini_backslash
D:15:     grunt_enter_depths_giant_problem, layout_basic,
          hangedman_abyss_or_decor_clamps, uniq_agnes
Temple:   nicolae_temple_bog_church
Lair:1:   minmay_lair_venomous_thicket, layout_cave_pods,
          chequers_serial_rivers_large_a, nzn_sisyphean_effort
Lair:2:   layout_chaotic_city, minmay_shoals_entry_hut,
          nicolae_snake_entry_warm_welcome, portal_ice_cave_rime,
          grunt_forest_large_clearing_hut, uniq_urug, uniq_maggie
Lair:3:   layout_roguey, gammafunk_ghost_grave, basic_altar,
          serial_bayou_shore_a
Lair:4:   layout_long_grid, basic_altar, nzn_masters_of_martial_movement,
          grunt_megastairs_4
Lair:5:   grunt_lair_end_beastmaster, layout_regular_city, slime_entry_1
Snake:1:  layout_onion, nicolae_snake_round_shape_thing, uniq_mlioglotl,
          uniq_jorgrun
Snake:2:  layout_basic, nicolae_snake_snakes_in_the_grass
Snake:3:  layout_chambers
Orc:1:    layout_diamond_mine, nicolae_orc_lava_tube, lemuel_statue_altar
Orc:2:    st_orc_open, layout_caves, led_sif_book
Elf:1:    layout_geoelf_octagon, minmay_elf_necromancy
Elf:2:    elven_hall_of_blades_hangedman_original [nicolae_blade_little_rooms],
          layout_onion_city, david_defended_altar_elf
Elf:3:    minmay_elf_hall_spiked, layout_geoelf_grid
Abyss:3:  base: Crypt:2, evilmike_abyss_exit_mutagenic, evilmike_abyss_exit_17,
          nicolae_abyss_rune_left_handed

Skill      XL: |  1  2  3  4  5  6  7  8  9 10 11 12 13 14 15 16 17 |
---------------+----------------------------------------------------+-----
Maces & Flails | 2 3 4 5 6 7 8 10 11 13 14 16 17 | 17.4
Fighting       | 3 4 5 7 8 9 10 12 13 14 15 | 15.6
Armour         | 4 5 7 8 9 11 12 13 14 16 17 18 | 18.8
Shields        | 4 5 6 7 8 9 11 13 14 | 14.0
Stealth        | 1 2 3 5 6 7 |  7.4
Evocations     | 1 2 3 4 5 |  5.4

Action                     |  1- 3 |  4- 6 |  7- 9 | 10-12 | 13-15 | 16-18 || total
---------------------------+-------+-------+-------+-------+-------+-------++-------
  Melee: Flail             |    92 |   133 |   385 |   638 |   842 |       ||  2090
         Tailslap          |     3 |    17 |    62 |   121 |   301 |   156 ||   660
         Whip              |       |       |    11 |       |       |       ||    11
         Morningstar       |       |       |       |       |   550 |   650 ||  1200
         Eveningstar       |       |       |       |       |       |   151 ||   151
  Throw: Dart              |       |     2 |    22 |    20 |    10 |       ||    54
         Throwing net      |       |       |       |    21 |     2 |       ||    23
 Invoke: Call Merchant     |       |       |       |       |     3 |     3 ||     6
  Evoke: Wand              |       |       |    21 |    19 |    15 |    12 ||    67
         Lightning rod     |       |       |       |       |    13 |     8 ||    21
    Use: Scroll            |       |     9 |     2 |    13 |    11 |     6 ||    41
         Potion            |       |     2 |     3 |     4 |     2 |     7 ||    18
   Stab: Distracted        |       |       |     5 |     2 |     9 |     5 ||    21
         Held in net/web   |       |       |       |     8 |     2 |       ||    10
         Petrified         |       |       |       |       |     6 |       ||     6
 Armour: Scale mail        |    56 |   109 |   213 |    63 |       |       ||   441
         Chain mail        |       |       |       |   293 |   730 |   309 ||  1332
  Dodge: Dodged            |    33 |    52 |   132 |   148 |   541 |   167 ||  1073
  Block: Buckler           |    15 |    30 |   109 |   162 |   400 |   269 ||   985
